 Dungeon Crawl Stone Soup version 0.28.0 (webtiles) character file.

Game seed: 17674026999588288850

1132 Sanktem7 the Carver (level 8, 0/70 HPs)
             Began as a Minotaur Fighter on Feb 11, 2022.
             Succumbed to an orc warrior's poison
             ... on level 5 of the Dungeon.
             The game lasted 00:10:05 (3994 turns).

Sanktem7 the Carver (Minotaur Fighter)              Turns: 3994, Time: 00:10:05

Health: 0/70       AC: 11    Str: 24    XL:     8   Next: 13%
Magic:  7/7        EV:  7    Int:  5    God:
Gold:   276        SH:  8    Dex: 11    Spells: 7/7 levels left

rFire   . . .      SeeInvis .   a - +0 long sword
rCold   + . .      Faith    .   i - +0 kite shield
rNeg    . . .      Spirit   .   q - +0 chain mail
rPois   .          Reflect  .   n - +1 hat
rElec   .          Harm     .   g - scarf {repulsion}
rCorr   .          Rampage  .   (no gloves)
Will    .....                   (no boots)
Stlth   ..........              c - amulet "Lisu" {rC+ Regen+ Dex+2}
HPRegen 1.01/turn               k - ring of flight
MPRegen 0.10/turn               (no ring)

@: lethally poisoned (0 -> -9), flying, repel missiles
A: horns 2, retaliatory headbutt
a: no special abilities


You were on level 5 of the Dungeon.
You visited 1 branch of the dungeon, and saw 5 of its levels.

You collected 276 gold pieces.

Inventory:

Hand Weapons
 a - a +0 long sword (weapon)
Missiles
 f - a throwing net (quivered)
Armour
 b - a +0 scale mail
 g - a scarf of repulsion (worn)
 i - a +0 kite shield (worn)
 j - a +0 cloak
 n - a +1 hat (worn)
 q - a +0 chain mail (worn)
Jewellery
 c - the amulet "Lisu" (around neck) {rC+ Regen+ Dex+2}
   (You found it on level 2 of the Dungeon)

   [amulet of regeneration]

   Dex:       It affects your dexterity (+2).
   rC:        It protects you from cold.
   Regen:     It increases your rate of health regeneration.
 k - a ring of flight (left hand)
Wands
 r - a wand of paralysis (2)
 s - a wand of polymorph (4)
 u - a wand of flame (6)
Scrolls
 h - a scroll of noise
 m - 2 scrolls of enchant armour {unknown}
 p - 2 scrolls of teleportation {unknown}
Potions
 d - 3 potions of might
 e - a potion of magic {unknown}
 l - 2 potions of degeneration {unknown}
 o - a potion of berserk rage {unknown}
 t - 2 potions of curing {unknown}
 v - 2 potions of flight {unknown}


   Skills:
 * Level 6.0 Fighting
 * Level 8.4 Long Blades
 * Level 7.2 Armour
 + Level 1.8 Dodging
 - Level 3.6 Shields


You had 7 spell levels left.
You didn't know any spells.
Your spell library contained the following spells:

 Spells                   Type           Power      Damage    Failure   Level
 Pain                     Necr           0%         1d4       100%        1
 Sandblast                Erth           0%         2d4       100%        1
 Sting                    Tmut/Pois      0%         1d3       100%        1
 Corpse Rot               Necr/Air       0%         N/A       100%        2
 Passwall                 Tmut/Erth      0%         N/A       100%        2
 Poisonous Vapours        Pois/Air       0%         N/A       100%        2
 Sublimation of Blood     Necr           0%         N/A       100%        2
 Stone Arrow              Conj/Erth      0%         3d7       100%        3
 Petrify                  Tmut/Erth      0%         N/A       100%        4
 Agony                    Necr           0%         N/A       100%        5
 Excruciating Wounds      Necr           0%         N/A       100%        5
 Irradiate                Conj/Tmut      0%         3d13      100%        5


Dungeon Overview and Level Annotations

Branches:
Dungeon (5/15)
 Temple: D:4-7

Altars:

Shops:
D:1 [

Annotations:
D:5 Edmund


Innate Abilities, Weirdness & Mutations

You have a pair of horns on your head.
You reflexively headbutt those who attack you in melee.


Message History

You are no longer poisoned.
The orc warrior hits you with a +1 glaive of venom!
You are poisoned.
You hit the orc warrior but do no damage.
You headbutt the orc warrior!
The orc warrior is heavily wounded.
You feel very sick. You block the orc warrior's attack.
You hit the orc warrior.
The orc warrior is heavily wounded.
You feel very sick.
The orc warrior hits you with a +1 glaive of venom!
You are more poisoned.
You hit the orc warrior but do no damage.
You headbutt the orc warrior.
The orc warrior is severely wounded.
You feel very sick.
The orc warrior hits you but does no damage.
You are more poisoned.
The orc warrior hits you with a +1 glaive of venom!
You are lethally poisoned!
You closely miss the orc warrior. You headbutt the orc warrior.
The orc warrior is severely wounded.
* * * LOW HITPOINT WARNING * * *
You feel extremely sick. You block the orc warrior's attack.
You hit the orc warrior but do no damage.
The orc warrior is severely wounded.
* * * LOW HITPOINT WARNING * * *
You feel extremely sick. The orc warrior barely misses you.
You furiously retaliate!
You headbutt the orc warrior, but do no damage.
Unknown command.
Aiming: Paralyse
Press: ? - help, Q - select action, (/) - cycle Shift-Dir - straight line, f - orc warrior
Aim: an orc warrior, wielding a +1 glaive of venom, wearing a +0 plate armour and quivering boomerangs (severely wounded, chance to affect: 49%)
The orc warrior suddenly stops moving!
* * * LOW HITPOINT WARNING * * *
You feel very sick.
You die...

.........#.##
#........#..#
#........##.##
.
#####'##.....#
.. #.######.##
... #.# #.....#
##+##.... #.#
#.###.##
#........ #.# #
#..####........
#..
##..@.o{.......
###
#..###o.......
##.# #........
#+# #.......[
#...##### #...#
##+##


You could see an orc warrior (paralysed) and an orc.

Vanquished Creatures
  Prince Ribbit (D:5)
  Sigmund (D:3)
  An ogre (D:5)
  A water moccasin skeleton (D:5)
  4 killer bees (D:4)
  A hound (D:5)
  Crazy Yiuf (D:2)
  2 orc priests
  2 iguanas
  3 orc wizards
  A hound skeleton (D:4)
  Robin (D:3)
  A howler monkey skeleton (D:5)
  4 gnolls (D:4)
  3 adders
  A worm (D:3)
  13 orcs
  7 bats
  4 endoplasms
  5 giant cockroaches
  12 goblins
  9 hobgoblins
  4 jackals (D:1)
  8 kobolds
  4 quokkas
  4 ball pythons
  3 frilled lizards
  5 rats
106 creatures vanquished.

Vanquished Creatures (others)
  An orc wizard (D:4)
1 creature vanquished.

Grand Total: 107 creatures vanquished

Notes
Turn   | Place    | Note
-------+----------+-------------------------------------------
     0 | D:1      | Sanktem7 the Minotaur Fighter began the quest for the Orb.
     0 | D:1      | Reached XP level 1. HP: 19/19 MP: 0/0
   237 | D:1      | Found a faded altar of an unknown god.
   279 | D:1      | Got Plato's Disquisition on Changing
   333 | D:1      | Reached XP level 2. HP: 27/27 MP: 1/1
   606 | D:1      | Reached skill level 3 in Long Blades
   766 | D:1      | Found Ithyk's Antique Armour Shoppe.
  1089 | D:2      | Reached XP level 3. HP: 34/34 MP: 2/2
  1308 | D:2      | Identified the amulet "Lisu" {rC+ Regen+ Dex+2}
  1434 | D:2      | Found a runed translucent door.
  1435 | D:2      | Noticed Crazy Yiuf
  1709 | D:2      | Killed Crazy Yiuf
  1710 | D:2      | Reached XP level 4. HP: 32/41 MP: 3/3
  1911 | D:3      | Reached skill level 4 in Long Blades
  2201 | D:3      | Noticed Robin
  2214 | D:3      | Reached XP level 5. HP: 47/47 MP: 4/4
  2231 | D:3      | Killed Robin
  2232 | D:3      | Reached skill level 1 in Dodging
  2285 | D:3      | Reached skill level 5 in Long Blades
  2311 | D:3      | Noticed Sigmund
  2326 | D:3      | Killed Sigmund
  2327 | D:3      | Reached skill level 5 in Fighting
  2327 | D:3      | Reached skill level 6 in Long Blades
  2327 | D:3      | Reached skill level 5 in Armour
  2327 | D:3      | Reached XP level 6. HP: 56/56 MP: 5/5
  3077 | D:4      | Reached XP level 7. HP: 51/61 MP: 6/6
  3140 | D:4      | Reached skill level 7 in Long Blades
  3723 | D:5      | Entered Level 5 of the Dungeon
  3723 | D:5      | Noticed Prince Ribbit
  3742 | D:5      | Killed Prince Ribbit
  3743 | D:5      | Reached skill level 8 in Long Blades
  3828 | D:5      | Reached XP level 8. HP: 32/70 MP: 7/7
  3979 | D:5      | Noticed Edmund
  3993 | D:5      | HP: 3/70 [poisoned by an orc warrior]
  3994 | D:5      | Succumbed to an orc warrior's poison

Illustrated notes

Levels and vault maps discovered:
D:1:      minmay_arrival_three_doors, layout_basic,
          shapermc_ecumenical_altar_rom_forum, serial_shops,
          nicolae_lakefront_shop
D:2:      layout_basic, hex_intersection, corexii_item_surrounded_by_moat,
          kennysheep_boxes, uniq_crazy_yiuf_cottage
D:3:      layout_basic, uniq_robin, uniq_sigmund
D:4:      layout_basic
D:5:      layout_basic, elyvilon_altar_4, gup_sewer_entry_spiral, uniq_edmund,
          uniq_duvessa, uniq_prince_ribbit1

Skill      XL: |  1  2  3  4  5  6  7 |
---------------+----------------------+-----
Fighting       | 4 5 6 |  6.0
Armour         | 4 5 7 |  7.2
Long Blades    | 3 4 6 8 |  8.4
Dodging        | 1 |  1.8
Shields        | |  3.6

Action                   |  1- 3 |  4- 6 |  7- 9 || total
-------------------------+-------+-------+-------++-------
Melee: Long sword        |    92 |   130 |    80 ||   302
       Headbutt          |     8 |    16 |    14 ||    38
Evoke: Wand              |       |       |     1 ||     1
  Use: Scroll            |       |     2 |     1 ||     3
Armor: Scale mail        |    53 |    52 |       ||   105
       Chain mail        |       |    28 |    47 ||    75
Dodge: Dodged            |    58 |    30 |    29 ||   117
Block: Buckler           |    15 |       |       ||    15
       Kite shield       |    20 |    59 |    51 ||   130
